 Dungeon Crawl Stone Soup version 0.20.1-1-g8b1a95d (webtiles) character file.

139 mopl the Skirmisher (level 5, -1/44 HPs)
             Began as a Formicid Wanderer on Oct 5, 2017.
             Slain by Menkaure (17 damage)
             ... on level 3 of the Dungeon.
             The game lasted 00:03:22 (3257 turns).

mopl the Skirmisher (Formicid Wanderer)             Turns: 3257, Time: 00:03:23

Health: -1/44      AC: 12    Str: 18    XL:     5   Next: 46%
Magic:  5/5        EV:  5    Int: 10    God:
Gold:   254        SH:  0    Dex: 11    Spells: 4/4 levels left

rFire    . . .     SeeInvis +   b - +0 hand axe
rCold    . . .     Gourm    .   (no shield)
rNeg     . . .     Faith    .   v - +0 plate armour
rPois    .         Spirit   .   (helmet unavailable)
rElec    .         Reflect  .   (no cloak)
rCorr    .         Harm     .   (no gloves)
MR       .....                  l - +0 pair of boots (curse)
Stlth    ..........             (no amulet)
Regen    0.2/turn               s - ring of wizardry
MPRegen  0.1/turn               (no ring)

@: no status effects
A: permanent stasis, dig shafts and tunnels, four strong arms, antennae 3
a: Dig, Shaft Self


You were on level 3 of the Dungeon.
You were not hungry.

You visited 1 branch of the dungeon, and saw 4 of its levels.

You collected 254 gold pieces.

Inventory:

Hand Weapons
 a - a +2 hand crossbow
 b - a +0 hand axe (weapon)
 x - a +0 blowgun
Missiles
 c - 21 bolts
 w - 6 poisoned needles
Armour
 j - a +1 leather armour of cold resistance
 l - a cursed +0 pair of boots (worn)
 v - a +0 plate armour (worn)
Jewellery
 s - a ring of wizardry (left hand)
Scrolls
 g - 6 scrolls of remove curse {unknown}
 h - 5 scrolls of identify {unknown}
 m - 2 scrolls of immolation {unknown}
 n - a scroll of random uselessness {unknown}
 o - 2 scrolls of teleportation {unknown}
 q - a scroll of magic mapping {unknown}
 t - a scroll of amnesia {unknown}
 y - a scroll of recharging {unknown}
Potions
 d - 4 potions of curing
 e - a potion of lignification {unknown}
 i - a potion of haste
 k - a potion of invisibility {unknown}
 r - 2 potions of flight {unknown}
 z - 2 potions of brilliance {unknown}
Comestibles
 f - 2 bread rations
 u - 2 meat rations
 A - 2 fruits


   Skills:
 + Level 5.1 Fighting
 * Level 3.2 Axes
 - Level 2.0 Crossbows
 + Level 3.3 Armour
   Level 1.2 Shields
   Level 1.1 Evocations


You had 4 spell levels left.
You didn't know any spells.

Dungeon Overview and Level Annotations

Branches:
Dungeon (4/15)
 Temple: D:4-7

Altars:
Cheibriados
Yredelemnul

Annotations:
D:3 Menkaure


Innate Abilities, Weirdness & Mutations

You cannot be hasted, slowed, berserked, paralysed or teleported.
You can dig through walls and to a lower floor.
Your four strong arms can wield two-handed weapons with a shield.
You have a pair of large antennae on your head. (SInv)


Message History

An ogre and Menkaure come into view.
Menkaure shouts!
The ogre shouts!
An adder comes into view.
The adder hisses angrily.
Menkaure barely misses you.
Found 11 sling bullets.
Menkaure mumbles some strange words.
Menkaure seems to speed up.
There is a stone staircase leading up here.
Menkaure calls on the powers of darkness!
Your body is wracked with pain!
The adder convulses!
The ogre convulses!
Menkaure casts a spell at you. Pain shoots through your body!
You climb upwards.
There is a stone staircase leading down here.
Unknown command.
It was a potion of haste.
Your stasis prevents you from being hasted.
Menkaure hits you!
You die...

.....#.....#.......'.......#.#
.....#.....#.......#.........#
....<#.....#......##.....#####
....##.....#.....####...##
....##.....##...## ##.##
....####.#####'## #.# .....#
#.# #.### #.# #.#.## #_#
###...#####.#
#.#.########....@......#
#.........###..M.#######
###.########.....# ###.#
##...## ....# ##.## ##### ###


You could see Menkaure.

Vanquished Creatures
  A hound skeleton (D:3)
  5 adders
  An ooze (D:3)
  An adder zombie (D:3)
  5 adder skeletons (D:3)
  A worm (D:3)
  A dart slug (D:3)
  3 leopard geckos
  A ball python (D:2)
  2 giant cockroaches
  5 goblins
  6 hobgoblins
  A quokka (D:3)
  2 bats
  4 frilled lizards
  A giant cockroach zombie (D:3)
  2 gnoll zombies (D:3)
  5 kobolds
  2 leopard gecko skeletons (D:3)
  A leopard gecko zombie (D:3)
  2 quokka skeletons (D:3)
  4 rats
56 creatures vanquished.

Notes
Turn   | Place    | Note
-------+----------+-------------------------------------------
     0 | D:1      | mopl the Formicid Wanderer began the quest for the Orb.
     0 | D:1      | mopl set off with: a +2 hand crossbow, 21 bolts, a +0 hand axe, a potion of curing, a +0 robe, a bread ration
     0 | D:1      | Reached XP level 1. HP: 20/20 MP: 1/1
   258 | D:1      | Reached skill level 1 in Axes
   258 | D:1      | Reached XP level 2. HP: 26/26 MP: 2/2
   725 | D:1      | Reached XP level 3. HP: 11/31 MP: 3/3
  1495 | D:2      | Reached skill level 2 in Axes
  1632 | D:2      | Reached XP level 4. HP: 27/38 MP: 4/4
  1816 | D:2      | Reached skill level 3 in Armour
  2198 | D:3      | Reached skill level 5 in Fighting
  2331 | D:3      | Found a snail-covered altar of Cheibriados.
  2358 | D:3      | Reached XP level 5. HP: 33/44 MP: 5/5
  2714 | D:3      | Reached skill level 3 in Axes
  2917 | D:3      | Found a basalt altar of Yredelemnul.
  3248 | D:4      | Noticed Menkaure
  3248 | D:4      | Noticed an ogre
  3257 | D:3      | Slain by Menkaure

Skill      XL: |  1  2  3  4  5 |
---------------+----------------+-----
Axes           | 1 2 3 |  3.2
Armour         | 3 |  3.3
Fighting       | 5 |  5.1
Crossbows      | |  2.0
Shields        | |  1.2
Evocations     | |  1.1

Action                   |  1- 3 |  4- 6 || total
-------------------------+-------+-------++-------
Melee: Hand axe          |   104 |   150 ||   254
 Abil: Dig               |     1 |       ||     1
  Use: Potion            |       |     1 ||     1
  Eat: Chunk             |     2 |     6 ||     8
Armor: Leather armour    |    20 |       ||    20
       Robe              |     4 |       ||     4
       Chain mail        |    29 |    22 ||    51
       Plate armour      |       |    90 ||    90
Dodge: Dodged            |    72 |    51 ||   123
